AoeStats
← TigerGecko

Hideout

503712902Analyzed
3v3 RM · 1mo ago on Sep 1, 2026· 15m 30s· 6 players
Game mode
Random Map
Map size
Normal (6 player)
Population
200
Speed
Normal
Resources
Standard
Victory
Conquest
Starting age
Dark Age
Ending age
Imperial Age
RankedLock teamsTeams togetherTeam positionsShared explorationLock speedFull tech treeHidden civsTurbo modeCheats
Victory
Defeat
🇨🇦 Japanese · Canada
1477
+13
🇺🇸 Gurjaras · United States
1383
+17
🇺🇸 Magyars · United States
1352
+19
🇦🇷 Slavs · Argentina
1432
-17
🇩🇪 Wu · Germany
1410
-16
🇪🇸 Poles · Spain
1388
-15
VicMan
10:40 Feudal Age
12:07 Double-Bit Axe
13:49 Loom
15:16 Forging
ALinkToTheFuture
9:29 Feudal Age
9:46 Man-at-Arms
11:01 Arson
14:24 Horse Collar
14:59 Loom
Cavanara
11:07 Feudal Age
11:42 Horse Collar
12:53 Double-Bit Axe
15:25 Wheelbarrow
VaultBoy
10:08 Feudal Age
TigerGecko
10:47 Feudal Age
14:30 Castle Age
12:13 Horse Collar
13:10 Double-Bit Axe
14:05 Scale Mail Armor
14:56 Gold Mining
Ministro ChocoArroz
10:59 Feudal Age
14:56 Castle Age
13:26 Horse Collar
13:52 Double-Bit Axe
14:48 Bloodlines
Connection lost

Rejoining the realm…

Still unreachable

The connection could not be restored.

Session expired

The server has moved on; the page needs a fresh start.